 Dungeon Crawl Stone Soup version 0.28.0-43-g3370ac3207 (webtiles) character file.

Game seed: 8498231302995747130

4818 crimpus the Geomancer (level 10, 0/59 HPs)
             Began as a Gargoyle Earth Elementalist on Mar 7, 2022.
             Slain by a black mamba (4 damage)
             ... on level 8 of the Dungeon.
             The game lasted 00:24:22 (11209 turns).

crimpus the Geomancer (GrEE)                       Turns: 11209, Time: 00:24:23

Health: 0/59       AC: 23    Str: 19    XL:     10   Next: 48%
Magic:  25/28      EV: 11    Int: 19    God:
Gold:   366        SH:  5    Dex: 16    Spells: 17/21 levels left

rFire   . . .      SeeInvis .   d - +3 mace (protect)
rCold   . . .      Faith    .   j - +0 buckler
rNeg    + . .      Spirit   .   b - +4 scale mail of the Endless Expanse {MP+9 Stlth+}
rPois   ∞          Reflect  .   e - +2 hat
rElec   +          Harm     .   (no cloak)
rCorr   .          Rampage  .   (no gloves)
Will    .....                   k - +1 pair of boots
Stlth   ++........              (no amulet)
HPRegen 0.19/turn               o - +6 ring of strength
MPRegen 0.21/turn               f - +6 ring of dexterity

@: no status effects
A: sickness immunity, AC +7, negative energy resistance 1, electricity
resistance, torment resistance 1, petrification resistance
a: no special abilities


You were on level 8 of the Dungeon.
You visited 2 branches of the dungeon, and saw 9 of its levels.

You collected 366 gold pieces.

Inventory:

Hand Weapons
 d - a +3 mace of protection (weapon)
 w - a +0 flail
Missiles
 c - 416 stones
 u - 33 sling bullets
Armour
 b - the +4 scale mail of the Endless Expanse (worn) {MP+9 Stlth+}
   (You found it on level 5 of the Dungeon)

   MP:        It affects your magic capacity (+9).
   Stlth:     It makes you more stealthy.
 e - a +2 hat (worn)
 j - a +0 buckler (worn)
 k - a +1 pair of boots (worn)
 m - a +0 leather armour
 E - +0 steam dragon scales
Jewellery
 f - a +6 ring of dexterity (right hand)
 l - a +6 ring of intelligence
 o - a +6 ring of strength (left hand)
 x - a +6 ring of strength
Wands
 C - a wand of digging (2)
Scrolls
 a - 12 scrolls of identify
 i - 3 scrolls of teleportation
 n - a scroll of amnesia
 r - 2 scrolls of immolation {unknown}
 v - a scroll of blinking {unknown}
 y - a scroll of enchant weapon
 D - a scroll of fog
Potions
 g - a potion of heal wounds
 h - a potion of magic
 p - a potion of lignification {unknown}
 q - 3 potions of curing
 s - a potion of degeneration {unknown}
 t - a potion of cancellation {unknown}
 z - a potion of attraction {unknown}
 A - 2 potions of brilliance {unknown}
 B - a potion of might {unknown}


   Skills:
 + Level 5.3 Fighting
 - Level 5.0 Maces & Flails
 + Level 6.4 Armour
 + Level 4.6 Dodging
 - Level 3.1 Stealth
 + Level 4.4 Shields
 + Level 6.0 Spellcasting
 * Level 3.1 Conjurations
 + Level 0.7 Transmutations
 + Level 8.4 Earth Magic


You had 17 spell levels left.
You knew the following spells:

 Your Spells              Type           Power      Damage    Failure   Level
a - Sandblast             Erth           74%        2d16      1%          1
b - Stone Arrow           Conj/Erth      54%        3d10      11%         3

Your spell library contained the following spells:

 Spells                   Type           Power      Damage    Failure   Level
 Passwall                 Tmut/Erth      19%        N/A       9%          2
 Ensorcelled Hibernation  Hex/Ice        10%        N/A       52%         2
 Dazzling Flash           Conj/Hex       22%        N/A       52%         3
 Petrify                  Tmut/Erth      23%        N/A       52%         4
 Swiftness                Air            5%         N/A       75%         3
 Agony                    Necr           5%         N/A       100%        5
 Silence                  Hex/Air        2%         N/A       100%        5


Dungeon Overview and Level Annotations

Branches:
Dungeon (8/15)             Temple (0/1) D:7            Lair (1/6) D:8

Altars:
Elyvilon

Shops:
D:1 =

Annotations:
D:5 2 transporters, Icepheonix32's ghost, weakling DsDe


Innate Abilities, Weirdness & Mutations

You are immune to sickness and miasma.
Your stone body is resilient. (AC +7)
You are immune to poison.
You resist negative energy. (rN+)
You are resistant to electric shocks. (rElec)
You are resistant to unholy torment.
You are immune to petrification.


Message History

The seven-headed hydra bites you! You block the black mamba's attack.
You climb upwards.
Welcome back to the Dungeon!
There is a staircase to the Lair here.
You hit the black mamba.
Your weapon exudes an aura of protection.
The black mamba is lightly wounded.
The black mamba bites you but does no damage.
The seven-headed hydra barely misses you.
The seven-headed hydra bites you.
You block the seven-headed hydra's attack.
The seven-headed hydra bites you but does no damage. x2
The seven-headed hydra bites you!
The seven-headed hydra bites you but does no damage.
The black mamba closely misses you. You block the black mamba's attack.
The black mamba barely misses you. The black mamba barely misses you.
The seven-headed hydra barely misses you.
The seven-headed hydra closely misses you.
The seven-headed hydra misses you. The seven-headed hydra bites you!
The seven-headed hydra bites you.
You block the seven-headed hydra's attack.
The seven-headed hydra bites you.
The black mamba bites you but does no damage.
The black mamba bites you but does no damage.
The seven-headed hydra bites you.
* * * LOW HITPOINT WARNING * * *
The seven-headed hydra bites you!
* * * LOW HITPOINT WARNING * * *
The seven-headed hydra closely misses you.
The seven-headed hydra misses you.
The seven-headed hydra bites you but does no damage.
The seven-headed hydra bites you.
* * * LOW HITPOINT WARNING * * *
The seven-headed hydra bites you.
* * * LOW HITPOINT WARNING * * *
You block the black mamba's attack.
The black mamba bites you but does no damage.
The black mamba bites you.
You die...

#..## #.# #.# #.# ...#
#.# #.# #.# ..## #.#
#.# #.# ### #.# #.# #.#
#########.# #.# #.#
..........# #.# #.#
########### #.# #.# #
######### #.# #)#
#####.......####@# #)#
### .##...........##S#
#)# #..
.......P.P.....D.####)#
#.#
......P........P....#.#
#.#
.............P....#.#.#
#.#
.........P..........#.#
#.#
........P......P.P..#.#
#..
........>.P.........#.#
###
....P...............#.#


You could see a seven-headed hydra and a black mamba.

Vanquished Creatures
  A cane toad (Lair:1)
  Grinder (D:6)
  A wyvern (D:8)
  2 steam dragons
  Menkaure (D:6)
  Duvessa (D:4)
  4 water moccasins (D:8)
  2 ice beasts
  A sky beast (D:7)
  5 black bears
  A necrophage (D:4)
  3 ogres
  2 phantoms
  2 kobold brigands (D:7)
  4 bullfrogs (D:8)
  2 gnoll sergeants
  4 scorpions
  A wyvern skeleton (D:7)
  A water moccasin skeleton (D:3)
  Dowan (D:4)
  4 wights (D:7)
  A bullfrog zombie (D:6)
  3 orc priests
  A centaur zombie (D:5)
  A jelly (D:5)
  A gnoll shaman (D:7)
  4 iguanas
  5 orc wizards
  Natasha (thrice) (D:4 D:5)
  A killer bee zombie (D:8)
  2 hound skeletons (D:4)
  A howler monkey zombie (D:8)
  Robin (D:3)
  A howler monkey skeleton (D:7)
  4 adders
  17 gnolls
  A shadow imp (D:6)
  A white imp (D:8)
  An ufetubus (D:4)
  An adder skeleton (D:4)
  2 worms
  2 dart slugs
  33 orcs
  13 ball pythons
  6 endoplasms
  2 giant cockroaches
  24 goblins
  25 hobgoblins
  9 jackals
  2 quokkas
  4 bats
  5 frilled lizards
  A jackal skeleton (D:4)
  17 kobolds
  4 rats
243 creatures vanquished.

Vanquished Creatures (others)
  38 fungi (D:8)
  74 plants
112 creatures vanquished.

Grand Total: 355 creatures vanquished

Notes
Turn   | Place    | Note
-------+----------+-------------------------------------------
     0 | D:1      | crimpus the Gargoyle Earth Elementalist began the quest for
                  | the Orb.
     0 | D:1      | Reached XP level 1. HP: 10/10 MP: 3/3
   145 | D:1      | Reached skill level 4 in Earth Magic
   176 | D:1      | Found Huozafyu's Jewellery Shoppe.
   197 | D:1      | Reached XP level 2. HP: 15/15 MP: 3/5
   276 | D:1      | Found a faded altar of an unknown god.
   685 | D:1      | Reached XP level 3. HP: 15/19 MP: 6/6
  1248 | D:2      | Reached skill level 1 in Maces & Flails
  1679 | D:3      | Reached XP level 4. HP: 22/24 MP: 7/7
  2148 | D:3      | Reached skill level 1 in Fighting
  2269 | D:3      | Reached XP level 5. HP: 29/29 MP: 4/8
  2314 | D:3      | Reached skill level 1 in Armour
  2733 | D:3      | You fall into a shaft and drop 3 floors!
  2762 | D:6      | Noticed a steam dragon
  3033 | D:6      | Noticed Grinder
  3037 | D:6      | Paralysed by Grinder for 7 turns
  3052 | D:6      | Killed Grinder
  3053 | D:6      | Reached skill level 5 in Earth Magic
  3053 | D:6      | Reached XP level 6. HP: 27/35 MP: 2/10
  3193 | D:6      | Noticed Menkaure
  3200 | D:6      | Killed Menkaure
  3201 | D:6      | Reached skill level 1 in Shields
  3201 | D:6      | Reached XP level 7. HP: 30/39 MP: 6/12
  3542 | D:6      | Killed a steam dragon
  3543 | D:6      | Reached skill level 6 in Earth Magic
  4141 | D:6      | Reached XP level 8. HP: 36/45 MP: 11/14
  4956 | D:5      | Entered Level 5 of the Dungeon
  5170 | D:5      | Identified the +4 scale mail of the Endless Expanse {MP+9
                  | Stlth+}
  5557 | D:5      | Found a transporter.
  5562 | D:5      | Found a transporter.
  5562 | D:5      | Noticed Icepheonix32's ghost (weakling DsDe)
  6039 | D:4      | Reached skill level 5 in Spellcasting
  6224 | D:4      | Noticed Natasha
  6232 | D:4      | Killed Natasha
  6264 | D:4      | Noticed Natasha
  6272 | D:4      | Killed Natasha
  6316 | D:4      | Noticed Dowan
  6318 | D:4      | Noticed Duvessa
  6337 | D:4      | Noticed Natasha
  6350 | D:5      | Killed Natasha
  6559 | D:4      | Killed Duvessa
  6560 | D:4      | Reached skill level 7 in Earth Magic
  6560 | D:4      | Reached XP level 9. HP: 51/51 MP: 16/16
  6562 | D:4      | Killed Dowan
  6563 | D:4      | Reached skill level 5 in Maces & Flails
  7376 | D:3      | Noticed Robin
  7398 | D:3      | Killed Robin
  8192 | D:7      | Found a staircase to the Ecumenical Temple.
  8287 | D:7      | Reached skill level 5 in Armour
  9069 | D:7      | Learned a level 3 spell: Stone Arrow
  9171 | D:7      | Found a white marble altar of Elyvilon.
  9628 | D:8      | Reached skill level 1 in Conjurations
  9868 | D:8      | Reached XP level 10. HP: 46/58 MP: 18/18
 10007 | D:8      | Reached skill level 5 in Fighting
 10007 | D:8      | Reached skill level 8 in Earth Magic
 10045 | D:8      | Found a staircase to the Lair.
 11145 | Lair:1   | Entered Level 1 of the Lair of Beasts
 11145 | Lair:1   | Noticed a cane toad
 11151 | Lair:1   | Killed a cane toad
 11190 | Lair:1   | Noticed a seven-headed hydra
 11192 | Lair:1   | Noticed a black mamba
 11209 | D:8      | Slain by a black mamba

Illustrated notes

Levels and vault maps discovered:
D:1:      erik_arrival_orb_chamber, layout_basic, ebering_ecumenical_altar_hall,
          serial_shops, nicolae_shop_advertising_works
          [nicolae_subvault_shop_adworks]
D:2:      layout_rooms
D:3:      kennysheep_goblin_castle, layout_basic, serial_bayou_lagoon_b
D:4:      layout_gridville, kennysheep_pointless_box, uniq_natasha, uniq_duvessa
D:5:      layout_rooms, gammafunk_ghost_hive
D:6:      layout_cave_pods, uniq_menkaure, uniq_grinder
D:7:      corexii_shantytown, layout_basic, kennysheep_mini_moat,
          minmay_temple_entry_waves, minmay_unpleasant_kobolds
D:8:      layout_loops_ring, due_lair_maze_entry_diamond
Lair:1:   layout_regular_city, grunt_forest_small_clearings

Skill      XL: |  1  2  3  4  5  6  7  8  9 10 |
---------------+-------------------------------+-----
Earth Magic    | 4 5 6 7 8 |  8.4
Maces & Flails | 1 2 4 5 |  5.0
Stealth        | 3 |  3.1
Fighting       | 1 2 3 4 5 |  5.3
Dodging        | 2 3 4 |  4.6
Armour         | 2 3 5 6 |  6.4
Spellcasting   | 3 4 5 6 |  6.0
Shields        | 1 2 4 |  4.4
Conjurations   | 1 3 |  3.1
Transmutations | |  0.7

Action                   |  1- 3 |  4- 6 |  7- 9 | 10-12 || total
-------------------------+-------+-------+-------+-------++-------
Melee: Mace              |    80 |    62 |   602 |    93 ||   837
       Punch             |     1 |       |       |       ||     1
       Unarmed           |       |       |     5 |       ||     5
 Cast: Sandblast         |     9 |    23 |    55 |     9 ||    96
       Stone Arrow       |       |       |       |     9 ||     9
  Use: Scroll            |       |     7 |       |       ||     7
       Potion            |       |     4 |     1 |       ||     5
 Stab: Sleeping          |     8 |       |     8 |     1 ||    17
       Distracted        |       |       |     2 |       ||     2
Armor: Robe              |    33 |    10 |       |       ||    43
       Leather armour    |       |    28 |    58 |       ||    86
       Scale mail        |       |       |   430 |    86 ||   516
Dodge: Dodged            |    52 |    65 |   377 |    86 ||   580
Block: Buckler           |       |    18 |   126 |    33 ||   177
